 Dungeon Crawl Stone Soup version 0.31-a0-1082-g7d1fb776a8 (webtiles) character file.

Game seed: 9118740880990017081

77 Flugslaktarn the Changeling (level 4, -2/29 HPs)
             Began as an Octopode Shapeshifter on Nov 28, 2023.
             Slain by a gnoll
             ... wielding a +0 mace
              (12 damage)
             ... on level 2 of the Dungeon.
             The game lasted 00:00:47 (1401 turns).

Flugslaktarn the Changeling (Octopode Shapeshifter) Turns: 1401, Time: 00:00:47

Health: -2/29      AC:  1    Str: 13    XL:     4   Next: 34%
Magic:  4/4        EV: 13    Int: 12    God:
Gold:   83         SH:  0    Dex: 13    Spells: 3/3 levels left

rFire   . .          .
                       - Unarmed
rCold   . . .        (no shield)
rNeg    . . .        (helmet currently unavailable)
rPois   .            (no amulet)
rElec   .            (no ring)
rCorr   .            (no ring)
SInv    .            (no ring)
Will    .....        (no ring)
Stlth   ++           (no ring)
HPRegen 0.24/turn    (no ring)
MPRegen 0.09/turn    (no ring)
                     (no ring)

%: no passive effects
@: beast-form
A: beast (slay +2), almost no armour, amphibious, 8 rings, camouflage 1,
gelatinous body 1, (nimble swimmer 1), tentacles
a: Begin Untransformation


You were on level 2 of the Dungeon.
You were a hulking beast.
You visited 1 branch of the dungeon, and saw 2 of its levels.

You collected 83 gold pieces.

Inventory:

Talismans
 b - a beast talisman
 c - a flux talisman
Scrolls
 g - 2 scrolls of amnesia {unknown}
 i - a scroll of fear {unknown}
 j - 2 scrolls of identify {unknown}
Potions
 a - a potion of lignification
 d - a potion of curing {unknown}
 e - a potion of might {unknown}
 f - a potion of magic {unknown}
 h - a potion of attraction {unknown}
 k - a potion of invisibility {unknown}


   Skills:
 + Level 2.1 Fighting
 - Level 2.0 Dodging
 + Level 3.5 Unarmed Combat
 * Level 4.0 Shapeshifting


You had 3 spell levels left.
You didn't know any spells.
Your spell library was empty.

Dungeon Overview and Level Annotations

Branches:
Dungeon (2/15)

Altars:

Shops:
D:1 :   D:2 (


Innate Abilities, Weirdness & Mutations

You are a hulking beast.
Your limbs bulge with bestial killing power. (Slay +2)
You cannot wear most types of armour.
You are amphibious.
You can wear up to eight rings at the same time.
Your skin changes colour to match your surroundings (Stealth+).
Your rubbery body absorbs attacks. (AC +1, EV +1)
((You are camouflaged when in or above water. (Stealth+)))
You have tentacles for arms and can constrict up to eight enemies at once.


Message History

A giant cockroach is nearby!
Found a stone staircase leading down.
The helpless giant cockroach fails to defend itself.
You tentacle-slap the giant cockroach.
You kill the giant cockroach!
No target in view!
You see here a giant cockroach corpse.
A goblin comes into view. It is wielding a +0 dagger.
The goblin shouts!
A goblin is nearby!
A goblin is nearby!
Found an orange potion.
A worm comes into view.
You bludgeon the goblin!
You kill the goblin!
You see here a +0 dagger.
Found a scroll labelled MUATZEE PEZUT.
An adder comes into view.
The adder moves out of view.
The worm closely misses you.
The adder hisses angrily.
You bludgeon the worm! You grab the worm. You squeeze the worm!
The worm is almost dead.
You constrict the worm.
You kill the worm!
You see here a worm corpse.
An adder is nearby!
You tentacle-slap the adder but do no damage.
You grab the adder.
You constrict the adder, but do no damage.
The adder barely misses you.
You tentacle-slap the adder.
The adder is moderately wounded.
You constrict the adder, but do no damage.
The adder bites you.
You bludgeon the adder!
You kill the adder!
No target in view!
k - an orange potion You see here a worm corpse.
j - 2 scrolls labelled MUATZEE PEZUT (gained 1)
A bat is nearby!
You miss the bat. Your grab misses the bat. The bat misses you.
The gnoll shouts!
The bat misses you.
You miss the bat.
The gnoll shouts!
You grab the bat. You constrict the bat. The bat hits you but does no damage.
The bat struggles to escape constriction.
You tentacle-slap the bat.
You kill the bat!
An endoplasm comes into view.
A giant cockroach comes into view.
The gnoll hits you with a +0 whip!
There are monsters nearby!
You closely miss the gnoll.
The gnoll shouts!
You grab the gnoll. You constrict the gnoll.
You hear a shout!
The gnoll closely misses you. The gnoll hits you with a +0 whip!
There are monsters nearby!
You are too injured to fight recklessly!
You release your grip on the gnoll.
You closely miss the gnoll. Your grab misses the gnoll.
The gnoll barely misses you.
You closely miss the gnoll. Your grab misses the gnoll.
Your squeeze misses the gnoll. You tentacle-slap the gnoll. You grab the gnoll.
The gnoll is moderately wounded.
You constrict the gnoll, but do no damage.
You tentacle-slap the gnoll.
The gnoll is moderately wounded.
You constrict the gnoll. The gnoll closely misses you.
You tentacle-slap the gnoll.
The gnoll is almost dead.
You constrict the gnoll.
You kill the gnoll!
Your Fighting skill increases to level 2!
You have reached level 4!
You barely miss the gnoll. Your grab misses the gnoll. You squeeze the gnoll.
The gnoll is heavily wounded.
The gnoll hits you with a +0 whip.
You bludgeon the gnoll!
You kill the gnoll!
The giant cockroach barely misses you.
You tentacle-slap the giant cockroach. You grab the giant cockroach.
The giant cockroach is almost dead.
You constrict the giant cockroach.
You kill the giant cockroach!
Your Shapeshifting skill increases to level 4!
You completely miss the endoplasm. You squeeze the endoplasm.
The endoplasm is severely wounded.
The endoplasm barely misses you.
You tentacle-slap the endoplasm.
You kill the endoplasm!
You barely miss the gnoll. Your grab misses the gnoll.
The gnoll completely misses you.
You completely miss the gnoll. You grab the gnoll. You constrict the gnoll.
The gnoll hits you with a +0 mace!
You die...

#........#
#........†...#
#...g....#
#............#
#......J.#
#............)
#.......$#
#######...####
#.......B###
#....'..'
............#
#....####
###########.#
#....# # #g#
#.#### #h# #.#
#.# #.# #.#
#.# #.# #.#
#.########.#
#..........#
############


You could see a gnoll.

Vanquished Creatures
  2 gnolls (D:2)
  An adder (D:2)
  A worm (D:2)
  A dart slug (D:1)
  4 ball pythons
  5 bats
  3 endoplasms
  4 giant cockroaches
  5 goblins
  2 hobgoblins (D:2)
  4 jackals (D:2)
  5 kobolds
  A frilled lizard (D:1)
  4 rats
42 creatures vanquished.

Notes
Turn   | Place    | Note
-------+----------+-------------------------------------------
     0 | D:1      | Flugslaktarn the Octopode Shapeshifter began the quest for
                  | the Orb.
     0 | D:1      | Reached XP level 1. HP: 13/13 MP: 1/1
   251 | D:1      | Reached XP level 2. HP: 12/18 MP: 2/2
   339 | D:1      | Found Lonwutix's Book Emporium.
   413 | D:1      | Found a faded altar of an unknown god.
  1018 | D:2      | Reached XP level 3. HP: 23/23 MP: 3/3
  1086 | D:2      | Found Tyelim's Weapon Shop.
  1395 | D:2      | Reached XP level 4. HP: 13/29 MP: 4/4
  1398 | D:2      | Reached skill level 4 in Shapeshifting
  1401 | D:2      | Slain by a gnoll

Illustrated notes

Levels and vault maps discovered:
D:1:      dpeg_arrival_boxes_within_box, layout_basic,
          hellmonk_ecumenical_altar_heavens_door, serial_shops, shop,
          st_stairs_14
D:2:      layout_basic, serial_shops, shop

Skill      XL: |  1  2  3  4 |
---------------+-------------+-----
Fighting       | 2 |  2.1
Shapeshifting  | 4 |  4.0
Dodging        | |  2.0
Unarmed Combat | |  3.5

Action                     |  1- 3 |  4- 6 || total
---------------------------+-------+-------++-------
  Melee: Unarmed           |    77 |     7 ||    84
         Constrict         |    22 |     2 ||    24
         Tentacles         |    10 |     2 ||    12
         Punch             |     1 |       ||     1
   Stab: Sleeping          |     8 |       ||     8
 Armour: Skin              |    33 |     2 ||    35
  Dodge: Dodged            |    36 |     3 ||    39

Table legend: (Time is in decaauts)
 A = Elapsed time spent in this place.
 B = Non-inter-level travel time spent in this place.
 C = Inter-level travel time spent in this place.
 D = Time resting spent in this place.
 E = Time spent auto-exploring this place.
 F = Levels seen in this place.
 G = Mean time per level.
                   A        B        C        D        E       F      G
               +--------+--------+--------+--------+--------+-----+--------+
         Total |   1396 |   1295 |    101 |     15 |   1046 |   2 |  698.0 |
       Dungeon |   1396 |   1295 |    101 |     15 |   1046 |   2 |  698.0 |
               +--------+--------+--------+--------+--------+-----+--------+

Top non-repeatable levels by time:
     D:1: 1005 daAuts
     D:2: 390 daAuts
